 Dungeon Crawl Stone Soup version 0.29.1-15-g9cfb28693d (webtiles) character file.

Game seed: 7818318749730293308

114 safid the Chiller (level 4, -1/34 HPs)
             Began as a Merfolk Ice Elementalist on Mar 28, 2023.
             Killed by nerve-wracking pain
             ... invoked by an orc priest
              (13 damage)
             ... on level 3 of the Dungeon.
             The game lasted 00:04:07 (2354 turns).

safid the Chiller (Merfolk Ice Elementalist)        Turns: 2354, Time: 00:04:08

Health: -1/34      AC:  2    Str:  8    XL:     4   Next: 98%
Magic:  15/17      EV: 13    Int: 18    God:
Gold:   126        SH:  0    Dex: 16    Spells: 2/9 levels left

rFire   . . .      SeeInvis .   j - +6 spear of Roebabad {holy, Int+2 Dex-4 Stlth+}
rCold   + . .      Faith    .   (no shield)
rNeg    . . .      Spirit   .   f - +0 robe {rC+}
rPois   .          Reflect  .   (no helmet)
rElec   .          Harm     .   (no cloak)
rCorr   .          Rampage  .   (no gloves)
Will    .....                   (no boots)
Stlth   +++.......              (no amulet)
HPRegen 0.11/turn               g - +6 ring of dexterity
MPRegen 0.15/turn               i - ring of magical power

@: freezing walls
A: (nimble swimmer 2), mertail
a: no special abilities


You were on level 3 of the Dungeon.
You visited 1 branch of the dungeon, and saw 3 of its levels.

You collected 126 gold pieces.

Inventory:

Hand Weapons
 j - the +6 spear of Roebabad (weapon) {holy, Int+2 Dex-4 Stlth+}
   (You found it on level 2 of the Dungeon)

   It has been blessed by the Shining One to cause great damage to the undead
   and demons.
   Int:       It affects your intelligence (+2).
   Dex:       It affects your dexterity (-4).
   Stlth:     It makes you more stealthy.
Armour
 f - a +0 robe of cold resistance (worn)
Jewellery
 g - a +6 ring of dexterity (left hand)
 i - a ring of magical power (right hand)
 m - an amulet of faith
Scrolls
 c - 2 scrolls of amnesia {unknown}
 d - 2 scrolls of identify {unknown}
 e - a scroll of torment {unknown}
 k - a scroll of fear {unknown}
 l - a scroll of teleportation {unknown}
Potions
 a - a potion of heal wounds {unknown}
 b - 2 potions of magic
 h - a potion of curing {unknown}


   Skills:
 + Level 2.6 Fighting
 - Level 2.6 Dodging
 - Level 2.1 Stealth
 + Level 3.1 Spellcasting
 + Level 5.2 Ice Magic


You had 2 spell levels left.
You knew the following spells:

 Your Spells              Type           Power      Damage    Failure   Level
a - Freeze                Ice            84%        1d10      1%          1
b - Frozen Ramparts       Ice            42%        1d7       5%          3
c - Ozocubu's Armour      Ice            21%        N/A       5%          3

Your spell library contained the following spells:

 Spells                   Type           Power      Damage    Failure   Level
 Beastly Appendage        Tmut           4%         N/A       16%         1
 Wereblood                Tmut           2%         N/A       24%         2
 Gell's Gravitas          Tloc           2%         N/A       43%         3
 Spider Form              Tmut/Pois      2%         N/A       43%         3
 Teleport Other           Tloc           2%         N/A       43%         3
 Hailstorm                Conj/Ice       12%        3d5       50%         4
 Dispersal                Tloc           1%         N/A       100%        6


Dungeon Overview and Level Annotations

Branches:
Dungeon (3/15)

Altars:


Innate Abilities, Weirdness & Mutations

((You are very nimble when in or above water. (Stealth+, EV+, Speed+++)))
Your lower body shifts to a powerful aquatic tail in water.


Message History

The adder closely misses you.
You puncture the adder!
You kill the adder!
No target in view!
You now have 119 gold pieces (gained 9).
You now have 126 gold pieces (gained 7).
An orc comes into view. It is wielding a +0 short sword.
A giant cockroach, a rat and an orc come into view.
Found a scroll labelled NOAWUR EXOUMI.
The rat moves out of view.
Casting: Freeze (safe; 1% risk of failure)
Confirm with . or Enter, or press ? or * to list all spells.
Casting: Frozen Ramparts (dangerous; 5% risk of failure)
Press: ? - help, Dir - look around, f - activate The walls around you are covered in ice.
The orc shouts! x2; You hear a shout! x2
An orc priest comes into view. It is wielding a +0 falchion.
An orc comes into view. It is wielding a +0 flail.
Unknown command.
The orc priest calls down the wrath of Beogh upon you.
Beogh smites you!
The wall freezes the orc.
You reach to attack!
You puncture the orc!
You kill the orc!
You reach to attack!
You hit the orc.
The orc is heavily wounded.
The wall freezes the orc.
You kill the orc!
The orc priest looks braver for a moment.
You reach to attack!
You hit the orc priest.
The orc priest is moderately wounded.
The wall freezes the orc priest.
The orc priest calls down the wrath of Beogh upon you.
Pain shoots through your body!
You are too injured to fight recklessly!
Your frozen ramparts will break if you move.
Continue?
Okay, then.
There are monsters nearby!
The wall freezes the orc priest.
The orc priest invokes the aid of Beogh against you.
Pain shoots through your body!
You die...

...... ?.... .... #
...#..# r..#.#
oB#.# #.#.# #@#.#
#...# #..## #..#
#..# #..# #..##
######### #...#
........######.#.##


You could see an orc priest, a giant cockroach and a rat.

Vanquished Creatures
  6 adders
  2 worms
  A dart slug (D:1)
  2 orcs (D:3)
  6 bats
  An endoplasm (D:1)
  3 giant cockroaches
  4 kobolds
  4 quokkas
  9 ball pythons
  3 frilled lizards (D:1)
  6 goblins
  4 rats
51 creatures vanquished.

Notes
Turn   | Place    | Note
-------+----------+-------------------------------------------
     0 | D:1      | safid the Merfolk Ice Elementalist began the quest for the
                  | Orb.
     0 | D:1      | Reached XP level 1. HP: 13/13 MP: 3/3
     6 | D:1      | Noticed a polar bear
     6 | D:1      | Noticed a scorpion
     6 | D:1      | Noticed a rime drake
     7 | D:1      | Noticed a black mamba
   171 | D:1      | Reached XP level 2. HP: 20/20 MP: 0/5
   233 | D:1      | Reached skill level 1 in Fighting
   703 | D:1      | Reached XP level 3. HP: 17/26 MP: 3/6
   707 | D:1      | Learned a level 3 spell: Frozen Ramparts
  1269 | D:2      | Identified the +6 spear of Roebabad {holy, Int+2 Dex-4
                  | Stlth+}
  1440 | D:2      | Reached skill level 5 in Ice Magic
  1440 | D:2      | Reached XP level 4. HP: 33/33 MP: 8/8
  1456 | D:2      | Identified the +2 ring mail of Polish {Rampage Stlth+}
  1461 | D:2      | Learned a level 3 spell: Ozocubu's Armour
  2354 | D:3      | Killed from afar by an orc priest

Illustrated notes

Levels and vault maps discovered:
D:1:      onia_arrival_zoo_common, layout_rooms
D:2:      layout_loops_corners, dreamdust_mushroom_princess
D:3:      layout_loops_ring, hellmonk_ecumenical_altar_inner_sanctum,
          gammafunk_ghost_necromancy

Skill      XL: |  1  2  3  4 |
---------------+-------------+-----
Fighting       | 1 2 |  2.6
Ice Magic      | 5 |  5.2
Spellcasting   | 3 |  3.1
Dodging        | |  2.6
Stealth        | |  2.1

Action                   |  1- 3 |  4- 6 || total
-------------------------+-------+-------++-------
Melee: Unarmed           |     7 |       ||     7
       Dagger            |    25 |       ||    25
       Punch             |     1 |       ||     1
       Spear             |     6 |    37 ||    43
 Cast: Freeze            |    41 |     2 ||    43
       Frozen Ramparts   |       |     2 ||     2
 Stab: Sleeping          |     4 |     7 ||    11
Armor: Robe              |     7 |     4 ||    11
Dodge: Dodged            |    47 |    19 ||    66
